 Dungeon Crawl Stone Soup version 0.31-a0-233-g139696dc86 (webtiles) character file.

Game seed: 11245852865651927942

149 qw the Shooter (level 5, -5/30 HPs)
             Began as a Gargoyle Hexslinger on July 8, 2023.
             Slain by a gnoll
             ... wielding a +0 flail
              (7 damage)
             ... on level 4 of the Dungeon.
             The game lasted 00:00:58 (2153 turns).

qw the Shooter (Gargoyle Hexslinger)                Turns: 2153, Time: 00:00:59

Health: -5/30      AC: 10    Str: 11      XL:     5   Next: 31%
Magic:  6/6        EV: 10    Int: 11 (14) God:
Gold:   113        SH:  0    Dex: 13 (14) Spells: 5/6 levels left

rFire   . . .        Y - +0 sling (freeze)
rCold   . . .        (no shield)
rNeg    + . .        b - +0 ring mail
rPois   inf          (no helmet)
rElec   +            (no cloak)
rCorr   .            (no gloves)
SInv    .            i - +0 pair of boots
Will    +....        (no amulet)
Stlth   +            l - ring of willpower
HPRegen 0.25/turn    (no ring)
MPRegen 0.10/turn

%: no passive effects
@: about to teleport
A: sickness immunity, AC +4, negative energy resistance 1, electricity
resistance, torment resistance 1, petrification resistance
a: no special abilities


You were on level 4 of the Dungeon.
You visited 1 branch of the dungeon, and saw 4 of its levels.

You collected 113 gold pieces.


Innate Abilities, Weirdness & Mutations

You are immune to sickness and miasma.
Your stone body is resilient. (AC +4)
You are immune to poison.
You resist negative energy. (rN+)
You are resistant to electric shocks. (rElec)
You are resistant to unholy torment.
You are immune to petrification.


   Skills:
 - Level 2.0 Fighting
 + Level 4.7 Ranged Weapons
 - Level 1.6 Armour
 - Level 1.5 Dodging
 - Level 1.0 Spellcasting
 - Level 2.6 Hexes


You had 5 spell levels left.
You knew the following spells:

 Your Spells              Type           Power      Damage    Failure   Level
a - Slow                  Hex            24%        N/A       26%         1

Your spell library contained the following spells:

 Spells                   Type           Power      Damage    Failure   Level
 Inner Flame              Hex/Fire       3%         N/A       78%         3
 Portal Projectile        Hex/Tloc       6%         N/A       78%         3
 Cause Fear               Hex            3%         N/A       94%         4

Inventory:

Hand Weapons
 Y - a +0 sling of freezing (weapon)
Armour
 b - a +0 ring mail (worn)
 i - a +0 pair of boots (worn)
Jewellery
 l - a ring of willpower (left hand)
Scrolls
 a - 2 scrolls of teleportation
 h - a scroll of identify
Potions
 d - 3 potions of curing
 f - a potion of cancellation
 j - a potion of resistance {unknown}

Dungeon Overview and Level Annotations

Branches:
Dungeon (4/15)
 Temple: D:4-7

Altars:
Dithmenos
Gozag

Shops:
D:2 =

Annotations:
D:3 1 runed translucent door, qw's ghost, amateur MiHs


Message History

The sling bullet freezes the gnoll.
The gnoll is moderately wounded.
A gnoll comes into view. It is wielding a +0 flail.
The gnoll hits you but does no damage.
You shoot a sling bullet. The sling bullet hits the gnoll.
The sling bullet freezes the gnoll.
The gnoll is heavily wounded.
The gnoll hits you with a +0 whip.
You shoot a sling bullet. The sling bullet hits the gnoll.
The sling bullet freezes the gnoll.
The gnoll is almost dead.
The gnoll hits you with a +0 whip.
You shoot a sling bullet.
The sling bullet hits the gnoll but does no damage.
The gnoll closely misses you.
You shoot a sling bullet. The sling bullet hits the gnoll.
The sling bullet freezes the gnoll.
The gnoll is moderately wounded.
The gnoll barely misses you.
You shoot a sling bullet.
The sling bullet closely misses the gnoll.
The gnoll hits you from afar with a +0 halberd.
The gnoll hits you with a +0 flail!
You shoot a sling bullet.
The sling bullet barely misses the gnoll.
The sling bullet hits the gnoll but does no damage.
The gnoll hits you but does no damage. x3; The gnoll hits you with a +0 flail.
The gnoll hits you from afar with a +0 halberd!
The gnoll hits you but does no damage.
2152 ||| READING 3 scrolls of teleportation.
As you read the scroll of teleportation, it crumbles to dust.
You feel strangely unstable. The gnoll barely misses you.
The gnoll hits you but does no damage. The gnoll closely misses you.
You shoot a sling bullet.
The sling bullet closely misses the gnoll.
The sling bullet hits the gnoll.
The sling bullet freezes the gnoll.
The gnoll is heavily wounded.
The gnoll hits you with a +0 flail!
You die...

## #############
.# #.........g@#
.# #.#########g#
.# #.# .g# .# #.#
...# .#####.###
....# .#.......#
.....# .#.###.#.#
......#
.....#.#.#.......#
.#.#.#.#.#


You could see 3 gnolls.

Vanquished Creatures
  A hound (D:3)
  4 adders
  A worm (D:2)
  5 dart slugs
  3 orcs (D:4)
  5 ball pythons
  7 endoplasms
  2 giant cockroaches (D:1)
  3 goblins
  6 hobgoblins
  2 jackals (D:1)
  10 kobolds
  4 quokkas
  6 bats
  3 frilled lizards
  2 rats (D:2)
64 creatures vanquished.

Notes
Turn   | Place    | Note
-------+----------+-------------------------------------------
     0 | D:1      | qw the Gargoyle Hexslinger began the quest for the Orb.
     0 | D:1      | Reached XP level 1. HP: 12/12 MP: 2/2
     0 | D:1      | 0 ||| qw: Version: 0.3-a-46-gb1f654a
     0 | D:1      | 0 ||| qw: Game counter: 3476
     0 | D:1      | 0 ||| qw: Melee chars always use a shield: true
     0 | D:1      | 0 ||| qw: God list: Okawaru
     0 | D:1      | 0 ||| qw: Allow faded altars: false
     0 | D:1      | 0 ||| qw: Do Orc after clearing Dungeon:15 true
     0 | D:1      | 0 ||| qw: Do second Lair branch before Depths: true
     0 | D:1      | 0 ||| qw: Lair rune preference: random
     0 | D:1      | 0 ||| qw: Goals: Normal
     0 | D:1      | 0 ||| PLANNING D:1-11
   114 | D:1      | Reached XP level 2. HP: 16/16 MP: 3/3
   120 | D:1      | 120 ||| Stepping ~*~*~tactically~*~*~ (outnumbered).
   132 | D:1      | Reached skill level 3 in Ranged Weapons
   223 | D:1      | Reached XP level 3. HP: 18/21 MP: 4/4
   820 | D:1      | 820 ||| UPGRADING to +0 pair of boots.
   825 | D:1      | 825 ||| READING scroll labelled PEGIYT NUTO.
   826 | D:1      | 826 ||| READING scroll labelled DIUTTA BIOXIDD.
   827 | D:1      | 827 ||| DRINKING 3 fuming clear potions.
   828 | D:1      | 828 ||| DROPPING scroll of poison.
  1058 | D:2      | Reached XP level 4. HP: 26/26 MP: 5/5
  1096 | D:2      | Reached skill level 4 in Ranged Weapons
  1173 | D:2      | Found an opulent altar of Gozag.
  1321 | D:2      | Found Kieshy's Jewellery Shop.
  1326 | D:2      | 1326 ||| SHOPLISTING +6 ring of strength (504 gold, have
                  | 99).
  1326 | D:2      | 1326 ||| SHOPLISTING amulet of Nebour {Regen+ Dex+5} (665
                  | gold, have 99).
  1326 | D:2      | 1326 ||| SHOPLISTING amulet of the acrobat (420 gold, have
                  | 99).
  1326 | D:2      | 1326 ||| SHOPLISTING ring of fire (350 gold, have 99).
  1326 | D:2      | 1326 ||| SHOPLISTING ring of positive energy (280 gold,
                  | have 99).
  1326 | D:2      | 1326 ||| SHOPLISTING ring of protection from fire (350
                  | gold, have 99).
  1326 | D:2      | 1326 ||| SHOPLISTING ring of resist corrosion (280 gold,
                  | have 99).
  1380 | D:2      | 1380 ||| DROPPING amulet of magic regeneration.
  1381 | D:2      | 1381 ||| READING 4 scrolls labelled REGYDDU ZOTO.
  1386 | D:2      | 1386 ||| READING scroll labelled SUALEE HOROBRI.
  1407 | D:2      | 1407 ||| DRINKING 2 glowing yellow potions.
  1408 | D:2      | 1408 ||| DROPPING potion of degeneration.
  1473 | D:3      | Found a runed translucent door.
  1477 | D:3      | Found a shadowy altar of Dithmenos.
  1524 | D:3      | Noticed a bullfrog
  1606 | D:3      | 1606 ||| SWAPPING to +0 sling of freezing.
  1607 | D:3      | 1607 ||| DROPPING +1 sling.
  1619 | D:3      | Noticed qw's ghost (amateur MiHs)
  1755 | D:3      | Found a faded altar of an unknown god.
  1931 | D:3      | 1931 ||| UPGRADING to +0 ring mail.
  1941 | D:3      | 1941 ||| DROPPING +0 robe.
  1942 | D:3      | 1942 ||| UPGRADING to ring of willpower.
  1943 | D:3      | 1943 ||| READING scroll labelled TAENOLLY YPLY.
  1944 | D:3      | 1944 ||| READING 3 scrolls of identify.
  1944 | D:3      | 1944 ||| IDENTIFYING bubbling silvery potion
  1945 | D:3      | 1945 ||| READING 2 scrolls of identify.
  1945 | D:3      | 1945 ||| IDENTIFYING blue potion
  1946 | D:3      | 1946 ||| DROPPING potion of magic.
  1967 | D:4      | 1967 ||| STAIRDANCE
  1974 | D:3      | Reached skill level 1 in Armour
  1974 | D:3      | Reached XP level 5. HP: 18/30 MP: 6/6
  2151 | D:4      | HP: 1/30 [gnoll/+0 halberd (9)]
  2152 | D:4      | 2152 ||| READING 3 scrolls of teleportation.
  2153 | D:4      | Slain by a gnoll

Levels and vault maps discovered:
D:1:      grunt_arrival_lava_bath, layout_basic, glass_columns_a, hex_large,
          minmay_pentomino_u2
D:2:      layout_rooms, basic_altar, serial_shops, shop
D:3:      layout_loops_cross, lemuel_crystal_altar, ebering_ghost_sewer_d,
          shapermc_ecumenical_altar_notcrosses, chequers_serial_rivers_room_b,
          kennysheep_doodads
D:4:      layout_basic, kennysheep_minor_cross, uniq_natasha

Skill      XL: |  1  2  3  4 |
---------------+-------------+-----
Ranged Weapons | 3 4 |  4.7
Fighting       | 2 |  2.0
Armour         | 1 |  1.6
Dodging        | |  1.5
Spellcasting   | |  1.0
Hexes          | |  2.6

Action                     |  1- 3 |  4- 6 || total
---------------------------+-------+-------++-------
   Fire: Sling             |   128 |    99 ||   227
    Use: Scroll            |     2 |     6 ||     8
         Potion            |     1 |     1 ||     2
 Armour: Robe              |    31 |     6 ||    37
         Ring mail         |       |    15 ||    15
  Dodge: Dodged            |    32 |    35 ||    67

Table legend:
 A = Non-vault XP
 B = Vault XP
 C = Vault XP percentage of total XP
 D = Non-vault monster count
 E = Vault monster count
 F = Vault count percentage of total count
                 A         B        C        D         E       F
            +---------+---------+-------+---------+---------+-------
      Total |     211 |       3 |   1.4 |      62 |       2 |   3.1
            +---------+---------+-------+---------+---------+-------
        D:1 |      52 |       3 |   5.5 |      28 |       2 |   6.7
        D:2 |      64 |       0 |   0.0 |      14 |       0 |   0.0
        D:3 |      82 |       0 |   0.0 |      15 |       0 |   0.0
        D:4 |      13 |       0 |   0.0 |       5 |       0 |   0.0
            +---------+---------+-------+---------+---------+-------
